 Dungeon Crawl Stone Soup version 0.31-a0-217-g58bb5d79cf (webtiles) character file.

Game seed: 5689867880156518787

3867 puppykicker the Tainter (level 10, -15/63 HPs)
             Began as a Formicid Venom Mage on July 3, 2023.
             Was a Priest of Hepliaklqana.
             Demolished by a large slime creature (41 damage)
             ... on level 8 of the Dungeon.
             The game lasted 00:25:44 (9581 turns).

puppykicker the Tainter (Formicid Venom Mage)       Turns: 9581, Time: 00:25:45

Health: -15/63     AC:  3    Str: 13    XL:     10   Next: 41%
Magic:  17/17      EV: 13    Int: 25    God:    Hepliaklqana [***...]
Gold:   169        SH:  0    Dex: 14    Spells: 8/19 levels left

rFire   . . .        b - +1 short sword (spect)
rCold   . . .        (no shield)
rNeg    . . .        c - +0 robe
rPois   .            (helmet unavailable)
rElec   .            (no cloak)
rCorr   .            (no gloves)
SInv    +            C - +0 pair of boots
Will    ++...        p - amulet of the acrobat
Stlth   +++          F - +6 ring of intelligence
HPRegen 0.30/turn    i - ring of willpower
MPRegen 0.15/turn

%: acrobat
@: no status effects
A: reduced essence, permanent stasis, dig shafts and tunnels, antennae 3, four
strong arms
a: Dig, Shaft Self, Renounce Religion, Recall Ancestor, Ancestor Identity,
Transference


You were on level 8 of the Dungeon.
You worshipped Hepliaklqana.
Hepliaklqana was most pleased with you.
You visited 1 branch of the dungeon, and saw 8 of its levels.
You also visited: Ossuary.

You collected 437 gold pieces.
You spent 268 gold pieces at shops.

Inventory:

Hand Weapons
 b - a +1 spectral short sword (weapon)
 w - a +0 mace of venom
 E - a +0 morningstar
Missiles
 o - a throwing net
 v - 15 poisoned darts (quivered)
 G - 2 curare-tipped darts
Armour
 c - a +0 robe (worn)
 C - a +0 pair of boots (worn)
Magical Staves
 a - a staff of poison {rPois}
Jewellery
 i - a ring of willpower (right hand)
 p - an amulet of the acrobat (around neck)
 B - an amulet of faith {Faith, !P}
 F - a +6 ring of intelligence (left hand)
Wands
 r - a wand of charming (20)
 y - a wand of light (15)
 D - a wand of digging (13)
Scrolls
 e - 5 scrolls of vulnerability {!r!r}
 f - a scroll of fog
 m - a scroll of summoning
 t - 2 scrolls of revelation
 A - 2 scrolls of enchant armour
 I - 3 scrolls of enchant weapon
Potions
 d - 3 potions of heal wounds
 g - 2 potions of curing
 h - a potion of invisibility
 j - a potion of ambrosia
 k - a potion of brilliance
 l - 3 potions of attraction {!q}
 n - 3 potions of lignification {!q}
 q - a potion of magic
 s - 2 potions of berserk rage {!q}
 u - a potion of enlightenment
 x - 2 potions of cancellation
 z - 2 potions of mutation {!q}
 H - a potion of might


   Skills:
 + Level 4.1 Fighting
 + Level 5.0 Armour
 + Level 3.0 Dodging
 + Level 5.1 Stealth
 + Level 5.0 Spellcasting
 - Level 4.0 Conjurations
 - Level 5.0 Hexes
 - Level 1.1 Transmutations
 - Level 3.0 Air Magic
 + Level 11.5 Poison Magic
 + Level 0.6 Invocations
 + Level 0.4 Evocations


You had 8 spell levels left.
You knew the following spells:

 Your Spells              Type           Power      Damage    Failure   Level
a - Sting                 Tmut/Pois      100%       1d8       1%          1
b - Tukima's Dance        Hex            31%        N/A       3%          3
x - Mephitic Cloud        Conj/Pois/Air  37%        N/A       1%          3
z - Olgreb's Toxic Radia  Pois           59%        N/A       1%          4

Your spell library contained the following spells:

 Spells                   Type           Power      Damage    Failure   Level
 Poisonous Vapours        Pois/Air       84%        N/A       1%          2
 Dazzling Flash           Conj/Hex       56%        N/A       3%          3
 Portal Projectile        Hex/Tloc       36%        N/A       9%          3
 Ozocubu's Armour         Ice            6%         N/A       24%         3
 Volatile Blastmotes      Fire/Tloc      12%        2d11      24%         3
 Iskenderun's Mystic Bla  Conj/Tloc      16%        2d5       34%         4
 Blade Hands              Tmut           5%         N/A       82%         5
 Starburst                Conj/Fire      8%         6d4       99%         6
 Ozocubu's Refrigeration  Ice            3%         4d8       100%        7


Dungeon Overview and Level Annotations

Branches:
Dungeon (8/15)             Temple (0/1) D:6         Ossuary (visited)
   Lair: D:8-11

Altars:
Ashenzari
Elyvilon
Hepliaklqana
Okawaru
Ru
Uskayaw
Vehumet
Wu Jian
Zin

Shops:
D:1 :   D:3 *


Innate Abilities, Weirdness & Mutations

Your life essence is reduced to manifest your ancestor. (-10% HP)
You cannot be hasted, slowed, berserked, paralysed or teleported.
You can dig through walls and to a lower floor.
You have a pair of large antennae on your head. (SInv)
Your four strong arms can wield two-handed weapons with a shield.


Message History

The large slime creature hits Dusana!
Dusana hits the large slime creature with a +0 flail!
The large slime creature hits Dusana but does no damage.
Dusana hits the large slime creature with a +0 flail!
Dusana blocks the large slime creature's attack.
Two slime creatures merge to form a very large slime creature.
Two slime creatures merge to form an enormous slime creature.
Dusana hits the enormous slime creature with a +0 flail!
The enormous slime creature hits Dusana!
MP restored: 17 You start waiting.
A slime creature is nearby!
You swap places.
The slime creature hits Dusana!
Two slime creatures merge to form a large slime creature.
You feel a bond with your +1 spectral short sword.
b - a +1 spectral short sword (weapon)
Dusana hits the large slime creature with a +0 flail.
You hit the large slime creature but do no damage.
The large slime creature barely misses you.
Dusana hits the large slime creature with a +0 flail!
You hit the large slime creature. The large slime creature hits you!!
Ouch! That really hurt!
* * * LOW HITPOINT WARNING * * *
You take 34 damage, and have 29/63 hp.
MASSIVE DAMAGE!!
You are too injured to fight recklessly!
Unknown command.
The large slime creature attacks as you move away!
The large slime creature closely misses you.
Your +1 spectral short sword disappears.
Dusana hits the large slime creature with a +0 flail!
Dusana hits the large slime creature with a +0 flail!
You hit the large slime creature. The large slime creature hits you.
* * * LOW HITPOINT WARNING * * *
You take 3 damage, and have 26/63 hp.
You hit the large slime creature.
Dusana hits the large slime creature with a +0 flail!
The large slime creature hits you!!!
Ouch! That really hurt!
You die...

........# #.#.# #.#.####
........# #.#.# #.#.####
#####..## #.#.# #.#.....
####.########.#.########.######
###..............................
....##.))######.#.########'######
⌠.....)#.#### #.#.# #........#
....##.#.)..###'#.# #........#
######.####...(J@.###........####
# #........R..................
##########.J.#...######.########.
...#.......J.#...### #.# #.
.<.########.##...'.# #.# #.
...#.......J##...#.####.########.
##########..##...#....#.#........
#......# #.{##...####...#.#####..
#......# #.{##...# ###...#####..


You could see the friendly Dusana the knight, a large slime creature (ally
target), 2 slime creatures and a friendly +1 spectral short sword.

Levels and vault maps discovered:
D:1:      co_arrival_square_in_a_square_in_a_square, layout_rooms, serial_shops,
          shop, ebering_ecumenical_altar_abandoned
D:2:      layout_loops_cross
D:3:      layout_loops_ring, mainiacjoe_overflow_swirl, serial_shops, shop
D:4:      layout_rooms, minitemple, mainiacjoe_overflow_two_lobes
D:5:      layout_basic, minmay_misc_feat_five
D:6:      layout_basic, minmay_temple_entry_drinking_statues,
          nicolae_ossuary_entry_giza
D:7:      layout_basic, amethyst_killhole, uniq_prince_ribbit1
D:8:      layout_basic, nicolae_elevator_lobby_asterisk

Notes
Turn   | Place    | Note
-------+----------+-------------------------------------------
     0 | D:1      | puppykicker the Formicid Venom Mage began the quest for the
                  | Orb.
     0 | D:1      | Reached XP level 1. HP: 13/13 MP: 3/3
   104 | D:1      | Identified a +0 short sword
   122 | D:1      | Found a faded altar of an unknown god.
   124 | D:1      | Found Jeom's Book Boutique.
   155 | D:1      | Reached XP level 2. HP: 20/20 MP: 0/5
   256 | D:1      | HP: 5/20 [quokka (1)]
   400 | D:1      | Reached skill level 1 in Fighting
   433 | D:1      | Reached skill level 2 in Dodging
   459 | D:1      | Reached XP level 3. HP: 26/26 MP: 1/6
   547 | D:1      | Identified a +0 club
   665 | D:1      | Reached skill level 3 in Stealth
   840 | D:2      | Reached skill level 1 in Armour
  1010 | D:2      | Reached XP level 4. HP: 17/32 MP: 0/7
  1370 | D:2      | Identified a +0 robe
  1734 | D:3      | Found Buruzergh's Assorted Antiques.
  1740 | D:3      | Bought a scroll labelled ORA HENIPUSYIC for 17 gold pieces
  1740 | D:3      | Bought a fizzy coppery potion for 15 gold pieces
  1740 | D:3      | Bought a grey potion for 15 gold pieces
  1740 | D:3      | Bought a scroll labelled OCWIES BITZEWA for 17 gold pieces
  1740 | D:3      | Bought a scroll labelled SODICZ NUELEU for 17 gold pieces
  1740 | D:3      | Identified 2 scrolls of teleportation
  1742 | D:3      | Identified 2 scrolls of identify
  1742 | D:3      | Identified a potion of heal wounds
  1743 | D:3      | Identified a potion of curing
  1827 | D:3      | Identified a +0 spear
  1828 | D:3      | Identified a +0 spear
  1828 | D:3      | Identified a +0 spear
  1828 | D:3      | Identified a +0 club
  1834 | D:3      | Reached XP level 5. HP: 22/37 MP: 3/9
  1843 | D:3      | HP: 6/37 [gnoll/+0 club (6)]
  1871 | D:3      | HP: 7/38 [gnoll/+0 spear (3)]
  1905 | D:3      | HP: 9/38 [gnoll/+0 spear (7)]
  2010 | D:3      | Identified a +0 hand axe
  2037 | D:3      | Identified a +0 whip
  2120 | D:3      | Bought a scroll of identify for 34 gold pieces
  2121 | D:3      | Identified 3 scrolls of vulnerability
  2122 | D:3      | Identified a scroll of brand weapon
  2224 | D:3      | Identified a +0 plate armour
  2242 | D:3      | Identified a +0 robe
  2255 | D:3      | Identified a +0 falchion
  2255 | D:3      | Identified a +0 dagger
  2255 | D:3      | Identified a +0 robe
  2257 | D:3      | Identified a +0 falchion
  2258 | D:3      | Identified a +0 whip
  2258 | D:3      | Identified a +0 ring mail
  2288 | D:3      | Reached skill level 2 in Fighting
  2289 | D:3      | HP: 9/38 [orc/+0 falchion (3)]
  2291 | D:3      | Reached skill level 2 in Armour
  2354 | D:3      | Identified a scroll of blinking
  2425 | D:3      | Identified a scroll of torment
  2519 | D:3      | Found a sacrificial altar of Ru.
  2535 | D:3      | Found a broken altar of Ashenzari.
  2670 | D:3      | Learned a level 3 spell: Mephitic Cloud
  2675 | D:3      | Learned a level 4 spell: Olgreb's Toxic Radiance
  2907 | D:4      | Identified a potion of ambrosia
  2921 | D:4      | Found an ornate altar of the Wu Jian Council.
  2929 | D:4      | Identified a potion of invisibility
  2956 | D:4      | Found a glowing silver altar of Zin.
  3045 | D:4      | Reached skill level 4 in Stealth
  3045 | D:4      | Reached skill level 3 in Spellcasting
  3045 | D:4      | Reached XP level 6. HP: 42/44 MP: 5/10
  3053 | D:4      | Identified a +0 mace of venom
  3057 | D:4      | Reached skill level 5 in Poison Magic
  3235 | D:4      | Found an iron altar of Okawaru.
  3242 | D:4      | Found a hazy altar of Hepliaklqana.
  3243 | D:4      | Found a radiant altar of Vehumet.
  3245 | D:4      | Found a white marble altar of Elyvilon.
  3246 | D:4      | Found a hide-covered altar of Uskayaw.
  3362 | D:4      | Identified 2 scrolls of summoning
  3466 | D:4      | Became a worshipper of Hepliaklqana the Forgotten
  3503 | D:5      | Entered Level 5 of the Dungeon
  3528 | D:5      | Reached skill level 1 in Conjurations
  3564 | D:5      | Identified a +0 hand axe
  3567 | D:5      | Identified a +0 spear
  3567 | D:5      | Identified a +2 flail of protection
  3571 | D:5      | Identified a +0 club
  3586 | D:5      | HP: 11/46 [gnoll/+0 spear (2)]
  3783 | D:5      | Identified a +0 hand axe
  3805 | D:5      | Reached XP level 7. HP: 20/51 MP: 5/11
  4000 | D:3      | Bought a triangular soapstone amulet for 85 gold pieces
  4000 | D:3      | Identified an amulet of the acrobat (You bought it in a
                  | shop on level 3 of the Dungeon)
  4125 | D:5      | Identified a +0 hand axe
  4154 | D:5      | Reached * piety under Hepliaklqana
  4257 | D:5      | Reached skill level 3 in Dodging
  4257 | D:5      | Reached skill level 1 in Air Magic
  4813 | D:6      | Identified a potion of lignification
  4826 | D:6      | Reached skill level 3 in Armour
  4918 | D:6      | Reached skill level 3 in Fighting
  4930 | D:6      | Found a sand-covered staircase.
  5072 | D:6      | HP: 5/46 [white imp/puff of frost (12)]
  5226 | Ossuary  | Entered an ossuary
  5393 | Ossuary  | Identified a scroll of revelation
  5520 | Ossuary  | Identified 2 potions of berserk rage
  5568 | Ossuary  | Reached skill level 2 in Conjurations
  5682 | Ossuary  | Reached XP level 8. HP: 52/52 MP: 12/12
  5758 | Ossuary  | Identified a scroll of fog
  5759 | Ossuary  | Identified a potion of enlightenment
  6202 | D:6      | Identified 2 potions of cancellation
  6203 | D:6      | Identified a potion of mutation
  6209 | D:6      | Reached skill level 5 in Stealth
  6233 | D:6      | Identified a +0 short sword
  6370 | D:6      | Reached ** piety under Hepliaklqana
  6374 | D:6      | Remembered your ancestor Dusana as a knight
  6374 | D:6      | Identified a +0 flail
  6374 | D:6      | Identified a +0 kite shield
  6386 | D:6      | HP: 12/53 [iguana (9)]
  6388 | D:6      | Reached skill level 2 in Air Magic
  6388 | D:6      | Reached skill level 6 in Poison Magic
  6664 | D:6      | Identified an amulet of faith
  6734 | D:6      | Found a staircase to the Ecumenical Temple.
  6763 | D:6      | Identified a +1 heavy arbalest
  6843 | D:6      | Identified a +0 giant club
  7118 | D:7      | Identified a +0 scale mail
  7178 | D:7      | Reached skill level 4 in Fighting
  7178 | D:7      | Reached skill level 4 in Armour
  7178 | D:7      | Reached skill level 4 in Spellcasting
  7300 | D:7      | Reached skill level 3 in Conjurations
  7300 | D:7      | Reached XP level 9. HP: 41/58 MP: 15/15
  7316 | D:7      | Identified a +1 mace of holy wrath
  7327 | D:7      | Identified a +0 leather armour
  7391 | D:7      | Identified a +0 pair of boots
  7488 | D:7      | Identified 2 scrolls of enchant armour
  7489 | D:7      | Identified a scroll of acquirement
  7490 | D:7      | Acquired a staff of poison
  7645 | D:7      | Reached *** piety under Hepliaklqana
  7646 | D:7      | Identified a +0 dagger
  7646 | D:7      | Identified a +0 robe
  7646 | D:7      | Identified a +0 flail
  7650 | D:7      | Identified a +0 hand axe
  7650 | D:7      | Identified a +0 plate armour
  7661 | D:7      | Reached skill level 7 in Poison Magic
  7766 | D:7      | Identified a +0 whip
  7776 | D:7      | Reached skill level 3 in Air Magic
  7898 | D:7      | Noticed Prince Ribbit
  7905 | D:7      | Killed Prince Ribbit
  7906 | D:7      | Reached skill level 5 in Armour
  8262 | D:3      | Bought a copper wand for 68 gold pieces
  8443 | D:7      | Reached skill level 5 in Spellcasting
  8452 | D:7      | Learned a level 3 spell: Tukima's Dance
  8569 | D:7      | Identified a +0 rapier
  8587 | D:7      | Identified a +0 club
  8587 | D:7      | Identified a +0 short sword
  8587 | D:7      | Identified a +0 leather armour
  8587 | D:7      | Identified a +0 morningstar
  8587 | D:7      | Identified a +0 leather armour
  8670 | D:8      | Reached skill level 4 in Conjurations
  8678 | D:8      | Reached skill level 1 in Hexes
  8678 | D:8      | Reached skill level 8 in Poison Magic
  8682 | D:8      | Reached skill level 2 in Hexes
  8685 | D:8      | Reached skill level 3 in Hexes
  8687 | D:8      | Reached skill level 4 in Hexes
  8687 | D:8      | Reached skill level 9 in Poison Magic
  8688 | D:8      | Reached XP level 10. HP: 39/63 MP: 3/17
  8731 | D:8      | Identified a +0 whip
  8731 | D:8      | Identified a +0 leather armour
  8735 | D:8      | Identified a +0 whip
  8735 | D:8      | Identified a +0 ring mail
  8735 | D:8      | Identified a +0 whip
  8735 | D:8      | Identified a +0 spear
  8737 | D:8      | Reached skill level 5 in Hexes
  8744 | D:8      | Reached skill level 10 in Poison Magic
  8747 | D:8      | HP: 15/63 [yak (10)]
  8752 | D:8      | Reached skill level 11 in Poison Magic
  8866 | D:8      | Identified a +6 ring of intelligence
  8909 | D:8      | Identified a +0 short sword
  8909 | D:8      | Identified a +0 dagger
  8909 | D:8      | Identified a +0 dagger
  8909 | D:8      | Identified a +0 club
  8911 | D:8      | Identified a +0 dagger
  8912 | D:8      | Identified a +0 club
  8968 | D:8      | Identified a +0 club
  8969 | D:8      | Identified a +2 dagger of venom
  8970 | D:8      | Identified a +0 short sword
  9041 | D:8      | Identified a +0 dagger
  9041 | D:8      | Identified a +0 robe
  9041 | D:8      | Identified a +0 mace
  9041 | D:8      | Identified a +0 dagger
  9041 | D:8      | Identified a +0 trident
  9042 | D:8      | Identified a +0 hand axe
  9042 | D:8      | Identified a +0 chain mail
  9217 | D:8      | Identified a ring of see invisible
  9344 | D:8      | Identified a +0 scimitar
  9351 | D:8      | Identified a +0 scale mail
  9396 | D:8      | Identified a +0 falchion
  9396 | D:8      | Identified a +0 leather armour
  9420 | D:8      | Identified a potion of might
  9471 | D:8      | Identified a ring of willpower
  9479 | D:8      | Identified a +0 pair of boots
  9581 | D:8      | Demolished by a large slime creature

Table legend: (Time is in decaauts)
 A = Elapsed time spent in this place.
 B = Non-inter-level travel time spent in this place.
 C = Inter-level travel time spent in this place.
 D = Time resting spent in this place.
 E = Time spent auto-exploring this place.
 F = Levels seen in this place.
 G = Mean time per level.
                   A        B        C        D        E       F      G
               +--------+--------+--------+--------+--------+-----+--------+
         Total |   9593 |   8893 |    700 |   2815 |   4476 |   9 | 1065.9 |
       Dungeon |   8844 |   8144 |    700 |   2453 |   4404 |   8 | 1105.5 |
       Ossuary |    748 |    748 |      0 |    362 |     72 |   1 |  748.0 |
               +--------+--------+--------+--------+--------+-----+--------+

Top non-repeatable levels by time:
     D:6: 1603 daAuts
     D:7: 1375 daAuts
     D:3: 1361 daAuts
     D:5: 1100 daAuts
     D:8: 919 daAuts
     D:2: 877 daAuts
     D:4: 842 daAuts
     D:1: 764 daAuts
 Ossuary: 748 daAuts

Table legend:
 A = Kills in this place as a percentage of kills in the entire game.
 B = Kills by you in this place as a percentage of kills by you in the entire game.
 C = Kills by friends in this place as a percentage of kills by friends in the entire game.
 D = Other kills in this place as a percentage of other kills in the entire game.
 E = Experience gained in this place as a percentage of experience gained in the entire game.
 F = Experience gained in this place divided by the number of levels of this place that you have seen.
                   A       B       C       D       E      F
               +-------+-------+-------+-------+-------+----------------------
         Total | 100.0 | 100.0 | 100.0 |   N/A | 100.0 | 613.9
       Dungeon |  81.7 |  82.0 |  80.0 |   N/A |  95.6 | 660.4
       Ossuary |  18.3 |  18.0 |  20.0 |   N/A |   4.4 | 242.0
               +-------+-------+-------+-------+-------+----------------------

Skill      XL: |  1  2  3  4  5  6  7  8  9 10 |
---------------+-------------------------------+-----
Fighting       | 1 2 3 4 |  4.1
Dodging        | 2 3 |  3.0
Stealth        | 3 4 5 |  5.1
Armour         | 1 2 3 4 5 |  5.0
Spellcasting   | 3 4 5 |  5.0
Poison Magic   | 5 6 9 11 | 11.5
Conjurations   | 1 2 3 4 |  4.0
Air Magic      | 1 2 3 |  3.0
Hexes          | 4 5 |  5.0
Transmutations | |  1.1
Invocations    | |  0.6
Evocations     | |  0.4

Action                     |  1- 3 |  4- 6 |  7- 9 | 10-12 || total
---------------------------+-------+-------+-------+-------++-------
  Melee: Unarmed           |     2 |       |       |       ||     2
         Short sword       |    39 |    44 |   192 |     8 ||   283
         Punch             |     1 |       |     6 |       ||     7
         Mace              |       |       |    20 |       ||    20
         Staff             |       |       |    30 |    12 ||    42
   Cast: Sting             |    59 |    94 |    24 |     1 ||   178
         Olgreb's Toxic Ra |       |       |    13 |     9 ||    22
 Invoke: Ancestor Life: Kn |       |       |     1 |       ||     1
    Use: Scroll            |       |    14 |    10 |     1 ||    25
   Stab: Sleeping          |       |     2 |     8 |       ||    10
         Distracted        |       |       |     3 |       ||     3
 Armour: Robe              |    18 |     8 |    21 |     3 ||    50
  Dodge: Dodged            |    62 |    62 |   135 |    17 ||   276

Vanquished Creatures
  Prince Ribbit (D:7)
  3 yaks (D:8)
  A sky beast (D:7)
  A black bear (D:6)
  An orc warrior (D:7)
  An ogre (D:6)
  A kobold brigand (D:8)
  A bullfrog (D:6)
  3 scorpions
  3 howler monkeys
  A hound (D:6)
  A jelly (D:8)
  4 iguanas
  3 orc wizards
  2 sleepcaps (D:6)
  6 mummies (Ossuary)
  6 adders
  10 gnolls
  A white imp (D:7)
  A worm (D:2)
  A dart slug (D:1)
  15 orcs
  6 endoplasms
  2 giant cockroaches
  2 goblins
  4 hobgoblins
  5 jackals (D:2)
  6 quokkas
  7 ball pythons
  3 bats (D:1)
  4 frilled lizards
  A gnoll skeleton (Ossuary)
  2 goblin skeletons (Ossuary)
  9 kobolds
  3 kobold skeletons (Ossuary)
  2 orc skeletons (Ossuary)
  5 rats
  11 rat skeletons (Ossuary)
139 creatures vanquished.

Vanquished Creatures (collateral kills)
  7 yaks (D:8)
  A steam dragon (D:7)
  A water moccasin (D:8)
  An ice beast (D:7)
  A sky beast (D:7)
  A kobold brigand (D:8)
  2 bullfrogs
  A howler monkey (D:7)
  A gnoll bouda (D:8)
  2 iguanas
  7 mummies
  2 white imps
  An orc (D:6)
  A goblin zombie (D:6)
  An orc zombie (D:6)
30 creatures vanquished.

Vanquished Creatures (others)
  An ancestor (Ossuary)
1 creature vanquished.

Grand Total: 170 creatures vanquished
